 Dungeon Crawl Stone Soup version 0.30.1-4-g462c640d31 (webtiles) character file.

Game seed: 15626681305051842357

87 safid the Chiller (level 4, -2/33 HPs)
             Began as a Merfolk Ice Elementalist on Sept 13, 2023.
             Slain by an orc
             ... wielding a +0 mace
              (5 damage)
             ... on level 3 of the Dungeon.
             The game lasted 00:03:48 (3025 turns).

safid the Chiller (Merfolk Ice Elementalist)        Turns: 3025, Time: 00:03:49

Health: -2/33      AC:  5    Str:  8    XL:     4   Next: 51%
Magic:  14/17      EV: 12    Int: 16    God:
Gold:   149        SH:  0    Dex: 14    Spells: 4/8 levels left

rFire   . . .        s - +3 whip
rCold   . . .        (no shield)
rNeg    . . .        a - +0 robe
rPois   .            (no helmet)
rElec   .            o - +2 cloak
rCorr   .            (no gloves)
SInv    .            (no boots)
Will    .....        (no amulet)
Stlth   ++           m - ring of magical power
HPRegen 0.25/turn    (no ring)
MPRegen 0.15/turn

%: no passive effects
@: no status effects
A: (nimble swimmer 2), mertail
a: no special abilities


You were on level 3 of the Dungeon.
You visited 1 branch of the dungeon, and saw 3 of its levels.

You collected 149 gold pieces.

Inventory:

Hand Weapons
 s - a +3 whip (weapon)
Armour
 a - a +0 robe (worn)
 o - a +2 cloak (worn)
Jewellery
 m - a ring of magical power (left hand)
Scrolls
 d - 2 scrolls of identify {unknown}
 f - a scroll of noise {unknown}
 h - 2 scrolls of enchant armour {unknown}
 i - a scroll of torment {unknown}
 j - 3 scrolls of blinking {unknown}
 n - a scroll of immolation {unknown}
 r - a scroll of teleportation {unknown}
Potions
 b - a potion of magic
 e - 4 potions of heal wounds {unknown}
 g - 2 potions of curing {unknown}
 k - 3 potions of attraction {unknown}
 l - a potion of haste {unknown}
 p - a potion of brilliance {unknown}
 q - a potion of ambrosia {unknown}


   Skills:
 + Level 2.2 Fighting
 - Level 2.6 Dodging
 - Level 2.1 Stealth
 + Level 2.9 Spellcasting
 + Level 5.2 Ice Magic


You had 4 spell levels left.
You knew the following spells:

 Your Spells              Type           Power      Damage    Failure   Level
a - Freeze                Ice            76%        1d8       2%          1
b - Frozen Ramparts       Ice            38%        1d6       7%          3

Your spell library contained the following spells:

 Spells                   Type           Power      Damage    Failure   Level
 Ozocubu's Armour         Ice            19%        N/A       7%          3
 Scorch                   Fire           4%         2d5       28%         2
 Summon Ice Beast         Ice/Summ       10%        N/A       54%         4
 Flame Wave               Conj/Fire      2%         2d4       88%         4
 Summon Cactus Giant      Summ           1%         N/A       100%        6


Dungeon Overview and Level Annotations

Branches:
Dungeon (3/15)

Altars:
Nemelex Xobeh


Innate Abilities, Weirdness & Mutations

((You are very nimble when in or above water. (Stealth+, EV+, Speed+++)))
Your lower body shifts to a powerful aquatic tail in water.


Message History

You are too injured to fight recklessly!
You are too injured to fight recklessly!
You are too injured to fight recklessly!
You are too injured to fight recklessly!
You are too injured to fight recklessly!
You are too injured to fight recklessly!
You are too injured to fight recklessly!
You are too injured to fight recklessly!
You are too injured to fight recklessly!
You are too injured to fight recklessly!
Unknown command.
Casting: Freeze (safe; 2% risk of failure)
Confirm with . or Enter, or press ? or * to list all spells.
Aiming: Freeze (safe; 2% risk of failure)
Press: ? - help, Shift-Dir - straight line, f - orc
Aim: an orc, wielding a +0 club You freeze the orc.
The orc is heavily wounded.
The orc barely misses you. The orc hits you with a +0 mace.
* * * LOW HITPOINT WARNING * * *
The orc hits you with a +0 flail.
* * * LOW HITPOINT WARNING * * *
Casting: Freeze (safe; 2% risk of failure)
Confirm with . or Enter, or press ? or * to list all spells.
Aiming: Freeze (safe; 2% risk of failure)
Press: ? - help, Shift-Dir - straight line, f/p - orc
Aim: an orc, wielding a +0 club (heavily wounded)
You freeze the orc.
You kill the orc!
The orc barely misses you. The orc closely misses you.
Unknown command.
Casting: Freeze (safe; 2% risk of failure)
Confirm with . or Enter, or press ? or * to list all spells.
Aiming: Freeze (safe; 2% risk of failure)
Press: ? - help, Shift-Dir - straight line, f - orc
Aim: an orc, wielding a +0 mace You freeze the orc.
The orc is heavily wounded.
The orc barely misses you. The orc hits you with a +0 mace.
You die...

#..................
#........$.........
#..................
#......)...........
#########'###.........
#.......#.#.....#+###
#.# #.......#.#.#.#)#
#.# #...).....#.#.#.#
#.#.# #.........#
#@).# #.#.#
#.........#..oo.#
#.#.#
#.........###.#.#
#.#.# #.........#
#..... #.#.#
##.......#.# #...#.#
#.#.# #........+.#
#...#.# #.#(#
#........#.# #... #
#.... #........# #...#
#.... #........# #....


You could see 2 orcs.

Vanquished Creatures
  An adder (D:3)
  A worm (D:2)
  A dart slug (D:3)
  5 orcs (D:3)
  7 bats
  8 endoplasms
  A giant cockroach (D:1)
  4 goblins
  7 hobgoblins
  8 kobolds
  4 quokkas
  6 ball pythons
  2 frilled lizards (D:1)
  3 rats
58 creatures vanquished.

Notes
Turn   | Place    | Note
-------+----------+-------------------------------------------
     0 | D:1      | safid the Merfolk Ice Elementalist began the quest for the
                  | Orb.
     0 | D:1      | Reached XP level 1. HP: 13/13 MP: 3/3
   215 | D:1      | Reached XP level 2. HP: 11/20 MP: 1/5
   272 | D:1      | Reached skill level 1 in Fighting
  1099 | D:2      | Reached XP level 3. HP: 11/26 MP: 0/6
  1203 | D:2      | Learned a level 3 spell: Frozen Ramparts
  2168 | D:2      | Reached skill level 5 in Ice Magic
  2610 | D:3      | Reached XP level 4. HP: 33/33 MP: 8/8
  2781 | D:3      | Found a faded altar of an unknown god.
  2805 | D:3      | Found a sparkling altar of Nemelex Xobeh.
  3025 | D:3      | Slain by an orc

Illustrated notes

Levels and vault maps discovered:
D:1:      dpeg_arrival_pits, layout_basic, skrybe_limestone_x,
          minmay_splitting_lines
D:2:      layout_loops_corners
D:3:      layout_basic, nicolae_overflow_ecumenical_swirl,
          nicolae_hepliaklqana_monster_ancestors

Skill      XL: |  1  2  3 |
---------------+----------+-----
Fighting       | 1 2 |  2.2
Ice Magic      | 5 |  5.2
Dodging        | |  2.6
Stealth        | |  2.1
Spellcasting   | |  2.9

Action                     |  1- 3 |  4- 6 || total
---------------------------+-------+-------++-------
  Melee: Dagger            |   125 |    16 ||   141
         Punch             |     5 |     1 ||     6
         Whip              |       |    25 ||    25
   Cast: Freeze            |    36 |    11 ||    47
         Frozen Ramparts   |     1 |       ||     1
   Stab: Distracted        |     1 |       ||     1
         Sleeping          |       |     2 ||     2
 Armour: Robe              |    27 |    17 ||    44
  Dodge: Dodged            |    90 |    44 ||   134
